 Dungeon Sprint DCSS version 0.27.1-1-g398f81649c (webtiles) character file.

Game seed: 16903915373423010790

181 styxcanada the Covert (level 5, -14/28 HPs)
             Began as a Spriggan Brigand on Sept 22, 2021.
             Was an Initiate of Gozag.
             Demolished by a spriggan (18 damage)
             ... in the Dungeon (Sprint IV: "Fedhas' Mad Dash").
             The game lasted 00:01:43 (120 turns).

styxcanada the Covert (Spriggan Brigand)             Turns: 120, Time: 00:01:44

Health: -14/28     AC:  3    Str:  7    XL:     5   Next: 34%
Magic:  6/6        EV: 19    Int: 13    God:    Gozag
Gold:   148        SH:  0    Dex: 17    Spells: 4/4 levels left

rFire    . . .     SeeInvis +   a - +2 dagger
rCold    . . .     Faith    .   (shield restricted)
rNeg     . . .     Spirit   .   b - +0 robe
rPois    .         Reflect  .   (helmet restricted)
rElec    .         Harm     .   c - +0 cloak
rCorr    .         Rampage  .   (gloves unavailable)
Will     .....     NoTele   +   (boots unavailable)
Stlth    ++++++....             l - amulet of invisibility {+Inv}
HPRegen  0.09/turn              (no ring)
MPRegen  0.10/turn              (no ring)

@: slightly contaminated, very quick
A: very small, no large weapons, unfitting armour, see invisible, speed 3
a: Renounce Religion, Evoke Invisibility, Potion Petition, Call Merchant, Bribe
Branch


You were in the Dungeon.
You worshipped Gozag.
Gozag was aware of your devotion.
You visited 1 branch You collected 148 gold pieces.

Inventory:

Hand Weapons
 a - a +2 dagger (weapon)
Missiles
 d - 2 poisoned darts (quivered)
 e - 2 curare-tipped darts
Armour
 b - a +0 robe (worn)
 c - a +0 cloak (worn)
Jewellery
 l - the amulet of invisibility (around neck) {+Inv}
   (You found it in the Dungeon)

   [amulet of nothing]

   +Inv:      It lets you turn invisible.
Scrolls
 k - a scroll of blinking
Potions
 f - a potion of curing
 g - a potion of heal wounds
 h - a potion of haste
 i - 2 potions of magic
 j - a potion of berserk rage
 m - a potion of attraction {unknown}


   Skills:
 * Level 3.2 Fighting
 + Level 3.5 Short Blades
 + Level 2.8 Throwing
 * Level 4.9 Dodging
 * Level 14.1 Stealth
 * Level 2.7 Evocations


You had 4 spell levels left.
You didn't know any spells.
Your spell library contained the following spells:

 Spells                   Type           Power      Damage    Failure   Level
 Conjure Ball Lightning   Conj/Air       0%         3x3d6     100%        6
 Discord                  Hex            0%         N/A       100%        8
 Disjunction              Tloc           0%         N/A       100%        8


Dungeon Overview and Level Annotations

Branches:
Dungeon (1/1)

Altars:
Cheibriados
Dithmenos
Elyvilon
Gozag
Hepliaklqana
Kikubaaqudgha
Makhleb
Nemelex Xobeh
Okawaru
Qazlal
Ru
Sif Muna
Trog
Uskayaw
Vehumet
Wu Jian
Xom
Yredelemnul
Zin
The Shining One
Beogh
Jiyva
Lugonu


Innate Abilities, Weirdness & Mutations

You are very small and have problems with some larger weapons.
You are too small for most types of armour.
You have supernaturally acute eyesight. (SInv)
You cover ground extremely quickly. (Speed+++)


Message History

The poisoned dart completely misses the spriggan.
The spriggan closely misses you.
There is an ancient bone altar of Kikubaaqudgha here.
Throw: 6 darts (poison)
Press: ? - help, Q - select action, (/) - cycle Shift-Dir - straight line, f/p - spriggan
Aim: a spriggan, wielding a +0 rapier and wearing a +0 robe (34% to hit)
You throw a poisoned dart. The poisoned dart hits the spriggan.
The spriggan is poisoned.
There is a viscous altar of Jiyva here.
There is a hazy altar of Hepliaklqana here.
Throw: 5 darts (poison)
Press: ? - help, Q - select action, (/) - cycle Shift-Dir - straight line, f/p - spriggan
Aim: a spriggan, wielding a +0 rapier and wearing a +0 robe (moderately wounded, poisoned, 34% to hit)
You throw a poisoned dart.
The poisoned dart closely misses the spriggan.
The spriggan hits you with a +0 rapier!!
Ouch! That really hurt!
* * * LOW HITPOINT WARNING * * *
There is an opulent altar of Gozag here.
You flicker for a moment.
The spriggan looks more healthy.
There is an open door here.
Throw: 4 darts (poison)
Press: ? - help, Q - select action, (/) - cycle Shift-Dir - straight line, f/p - spriggan
Aim: a spriggan, wielding a +0 rapier and wearing a +0 robe (lightly wounded, 34% to hit)
You throw a poisoned dart.
The poisoned dart completely misses the spriggan.
The spriggan completely misses you.
You flicker back into view.
There is an open door here.
Throw: 3 darts (poison)
Press: ? - help, Q - select action, (/) - cycle Shift-Dir - straight line, f/p - spriggan
Aim: a spriggan, wielding a +0 rapier and wearing a +0 robe (lightly wounded, 34% to hit)
You throw a poisoned dart. The poisoned dart hits the spriggan.
The spriggan is poisoned.
The spriggan is lightly wounded.
The spriggan hits you with a +0 rapier!!
Ouch! That really hurt!
You die...
Your body crumbles into a pile of gold.

##########################
#<..P#.....#.....#.⌠._._._
#PP..'.[.@i(.#...'.._._._.
#PPPP#.....#.#...#..._._._
###############+##.._._._.
#._._._._ $ $#########


$$$$ $ $$ You could see a spriggan (poisoned).

Vanquished Creatures
  A scorpion (D)
  3 oklob saplings (D)
  A river rat (D)
  A rat (D)
6 creatures vanquished.

Notes
Turn   | Place    | Note
-------+----------+-------------------------------------------
     0 | D        | styxcanada the Spriggan Brigand began the quest for the
                  | Orb.
     0 | D        | Reached XP level 1. HP: 10/10 MP: 2/2
     9 | D        | Reached skill level 7 in Stealth
     9 | D        | Reached XP level 2. HP: 15/15 MP: 3/3
    14 | D        | Noticed an oklob sapling
    15 | D        | Killed an oklob sapling
    16 | D        | Reached skill level 9 in Stealth
    16 | D        | Reached XP level 3. HP: 18/18 MP: 4/4
    17 | D        | Noticed a scorpion
    17 | D        | Found the amulet of invisibility {+Inv}
    19 | D        | Killed a scorpion
    20 | D        | Reached skill level 12 in Stealth
    20 | D        | Reached XP level 4. HP: 23/23 MP: 5/5
    48 | D        | Found an opulent altar of Gozag.
    48 | D        | Found a hazy altar of Hepliaklqana.
    48 | D        | Found a burning altar of Makhleb.
    48 | D        | Found a sparkling altar of Nemelex Xobeh.
    48 | D        | Found a snail-covered altar of Cheibriados.
    48 | D        | Found a sacrificial altar of Ru.
    48 | D        | Found a shimmering blue altar of Sif Muna.
    48 | D        | Found a shimmering altar of Xom.
    48 | D        | Found a basalt altar of Yredelemnul.
    49 | D        | Found a viscous altar of Jiyva.
    49 | D        | Found a bloodstained altar of Trog.
    49 | D        | Found an ornate altar of the Wu Jian Council.
    50 | D        | Found an iron altar of Okawaru.
    50 | D        | Found a shadowy altar of Dithmenos.
    50 | D        | Found a glowing silver altar of Zin.
    51 | D        | Found an ancient bone altar of Kikubaaqudgha.
    51 | D        | Found a hide-covered altar of Uskayaw.
    52 | D        | Found a stormy altar of Qazlal.
    52 | D        | Found a white marble altar of Elyvilon.
    52 | D        | Found a glowing golden altar of the Shining One.
    53 | D        | Became a worshipper of Gozag Ym Sagoz the Greedy
    54 | D        | Found a corrupted altar of Lugonu.
    54 | D        | Found a radiant altar of Vehumet.
    58 | D        | Reached skill level 13 in Stealth
    58 | D        | Reached XP level 5. HP: 28/28 MP: 3/6
    70 | D        | Reached skill level 14 in Stealth
   120 | D        | Demolished by a spriggan

Illustrated notes

Levels and vault maps discovered:
D:        dungeon_sprint_fedhas [sprint_temple]

Skill      XL: |  1  2  3  4  5 |
---------------+----------------+-----
Fighting       | 2 3 |  3.2
Dodging        | 2 3 4 |  4.9
Stealth        | 7 9 12 13 14 | 14.1
Short Blades   | 3 |  3.5
Evocations     | 2 |  2.7
Throwing       | |  2.8

Action                   |  1- 3 |  4- 6 || total
-------------------------+-------+-------++-------
Melee: Dagger            |     4 |     3 ||     7
Throw: Dart              |       |     6 ||     6
 Abil: Evoke Invisibilit |       |     2 ||     2
 Stab: Sleeping          |     4 |     2 ||     6
Dodge: Dodged            |       |     3 ||     3
